 Seeded DCSS version 0.28.0-53-g5a82cb258f (webtiles) character file.

Game seed: 11376294231417828559 (custom seed)

101 purpskrrrp the Chopper (level 4, -1/40 HPs)
             Began as a Hill Orc Fighter on June 23, 2022.
             Slain by a gnoll
             ... wielding a +0 spear
              (2 damage)
             ... on level 2 of the Dungeon.
             The game lasted 00:06:01 (2205 turns).

purpskrrrp the Chopper (Hill Orc Fighter)           Turns: 2205, Time: 00:06:02

Health: -1/40      AC:  7    Str: 20    XL:     4   Next: 75%
Magic:  4/4        EV:  9    Int:  8    God:
Gold:   91         SH:  0    Dex: 10    Spells: 3/3 levels left

rFire   x . .      SeeInvis .   a - +0 war axe
rCold   + . .      Faith    .   e - orb {*Rage}
rNeg    . . .      Spirit   .   b - +0 scale mail
rPois   .          Reflect  .   (no helmet)
rElec   .          Harm     .   (no cloak)
rCorr   .          Rampage  .   (no gloves)
Will    .....      Rage     20% (no boots)
Stlth   ..........              (no amulet)
HPRegen 0.13/turn               f - ring of ice
MPRegen 0.09/turn               (no ring)

@: on berserk cooldown
A: no striking features
a: no special abilities


You were on level 2 of the Dungeon.
You visited 1 branch of the dungeon, and saw 3 of its levels.

You collected 91 gold pieces.

Inventory:

Hand Weapons
 a - a +0 war axe (weapon)
 h - a +2 dagger of freezing
 k - a +1 vorpal hand axe
Armour
 b - a +0 scale mail (worn)
 c - a +0 buckler
 e - an orb of wrath (worn)
Magical Staves
 n - a staff of conjuration
Jewellery
 f - a ring of ice (left hand)
Scrolls
 i - a scroll of holy word {unknown}
 j - a scroll of blinking {unknown}
Potions
 d - a potion of might
 l - a potion of attraction {unknown}
 m - 2 potions of curing {unknown}


   Skills:
 + Level 4.2 Fighting
 + Level 4.7 Axes
 + Level 4.0 Armour
 + Level 0.4 Dodging
 + Level 3.5 Shields


You had 3 spell levels left.
You didn't know any spells.
Your spell library was empty.

Dungeon Overview and Level Annotations

Branches:
Dungeon (3/15)

Altars:
Nemelex Xobeh
Trog
Uskayaw


Message History

A hobgoblin comes into view.
The gnoll hits you from afar with a +0 spear.
The rat bites you.
* * * LOW HITPOINT WARNING * * *
The gnoll hits you from afar with a +0 spear.
* * * LOW HITPOINT WARNING * * *
The gnoll hits you from afar with a +0 spear.
* * * LOW HITPOINT WARNING * * *
The rat closely misses you.
The gnoll hits you from afar with a +0 spear.
* * * LOW HITPOINT WARNING * * *
The gnoll hits you from afar with a +0 spear.
* * * LOW HITPOINT WARNING * * *
You see here a scroll labelled XIFOWA PEPSA.
Really walk into that dispersal trap?
You enter a dispersal trap!
The rat blinks!
The gnoll blinks!
The hobgoblin blinks!
The gnoll blinks!
The endoplasm blinks!
The gnoll blinks!
The rat blinks!
The gnoll blinks!
You blink.
You feel yourself speed up.
A rat comes into view.
The bat hits you.
* * * LOW HITPOINT WARNING * * *
You hit the bat.
You kill the bat!
The rat closely misses you.
You barely miss the rat. The gnoll barely misses you.
The rat bites you but does no damage.
You hit the rat.
You kill the rat!
You barely miss the gnoll. The gnoll hits you but does no damage.
A goblin comes into view. It is wielding a +0 dagger.
The gnoll closely misses you. The hobgoblin closely misses you.
The gnoll hits you from afar with a +0 spear.
* * * LOW HITPOINT WARNING * * *
You hit the gnoll.
The gnoll is moderately wounded.
You barely miss the rat. You completely miss the hobgoblin. You hit the gnoll.
The gnoll barely misses you.
The gnoll hits you from afar with a +0 spear.
You die...

.<.....#####+##
..............#
.....[......?^## .....
...............# .....#
.####..........###......
......J..............
..(###...g...........
###. #.##g.grg.....# #
..#.#gg@...!.# .#
.#.#g†)...# # #g.)...#
#g..)..# #......#
#.?.#.).### ##.##.#.##
..##..#..##+###
.#g...........#


You could see 7 gnolls, an endoplasm, a hobgoblin, a goblin and a rat.

Vanquished Creatures
  An orc wizard (D:3)
  2 adders (D:3)
  2 orcs (D:3)
  2 bats
  4 endoplasms
  2 giant cockroaches
  A goblin (D:2)
  8 hobgoblins
  5 quokkas
  8 ball pythons
  6 frilled lizards
  7 kobolds
  5 rats
53 creatures vanquished.

Notes
Turn   | Place    | Note
-------+----------+-------------------------------------------
     0 | D:1      | purpskrrrp the Hill Orc Fighter began the quest for the
                  | Orb.
     0 | D:1      | Reached XP level 1. HP: 19/19 MP: 1/1
   184 | D:1      | Reached XP level 2. HP: 27/27 MP: 2/2
   695 | D:1      | Reached XP level 3. HP: 25/33 MP: 3/3
   861 | D:1      | Found a faded altar of an unknown god.
  1159 | D:1      | Found a bloodstained altar of Trog.
  1189 | D:2      | You fall into a shaft and drop 1 floor!
  1640 | D:3      | Found a sparkling altar of Nemelex Xobeh.
  1641 | D:3      | Found a hide-covered altar of Uskayaw.
  1685 | D:3      | Reached XP level 4. HP: 39/40 MP: 4/4
  2199 | D:2      | HP: 2/40 [gnoll/+0 spear (1)]
  2204 | D:2      | HP: 1/40 [gnoll/+0 spear (1)]
  2205 | D:2      | Slain by a gnoll

Illustrated notes

Levels and vault maps discovered:
D:1:      dpeg_arrival_water_altar, layout_loops_ring,
          dreamdust_ecumenical_altar_hidden_monk_grotto
D:2:      layout_basic, minmay_pentomino_pile
D:3:      layout_loops_ring, minitemple

Skill      XL: |  1  2  3  4 |
---------------+-------------+-----
Fighting       | 4 |  4.2
Axes           | 3 4 |  4.7
Armour         | 4 |  4.0
Dodging        | |  0.4
Shields        | |  3.5

Action                   |  1- 3 |  4- 6 || total
-------------------------+-------+-------++-------
Melee: War axe           |    90 |    36 ||   126
  Use: Scroll            |     1 |     1 ||     2
Armor: Scale mail        |    51 |    34 ||    85
Dodge: Dodged            |    48 |    39 ||    87
